 Dungeon Crawl Stone Soup version 0.26-b1-45-g23770d1d51 (webtiles) character file.

Game seed: 7680478772688715295

629 teolandon225 the Chopper (level 7, 0/91 HPs)
             Began as a Minotaur Berserker on Jan 7, 2021.
             Was an Elder of Trog.
             Splashed by a jelly's acid (10 damage)
             ... on level 5 of the Dungeon.
             The game lasted 00:07:55 (5011 turns).

teolandon225 the Chopper (Minotaur Berserker)       Turns: 5011, Time: 00:07:55

Health: 0/91       AC: -11   Str: 23    XL:     7   Next: 23%
Magic:  6/6        EV: 13    Int:  4    God:    Trog [****..]
Gold:   277        SH:  0    Dex: 10    Spells: 6/6 levels left

rFire    . . .     SeeInvis .   f - +0 hand axe (curse)
rCold    . . .     Faith    .   (no shield)
rNeg     . . .     Spirit   .   b - +1 animal skin
rPois    .         Reflect  .   (helmet restricted)
rElec    .         Harm     .   (no cloak)
rCorr    .         Rampage  .   u - +0 pair of gloves
Will     .....                  (no boots)
Stlth    ..........             (no amulet)
HPRegen  0.25/turn              (no ring)
MPRegen  0.10/turn              (no ring)

@: berserking, corroded, very quick
A: retaliatory headbutt, horns 2
a: Renounce Religion, Berserk, Trog's Hand, Brothers in Arms


You were on level 5 of the Dungeon.
You worshipped Trog.
Trog was greatly pleased with you.
You visited 1 branch of the dungeon, and saw 5 of its levels.
You also visited: Sewer.

You collected 277 gold pieces.

Inventory:

Hand Weapons
 a - a +0 hand axe
 f - a cursed +0 hand axe (weapon)
Missiles
 n - 2 throwing nets (quivered)
Armour
 b - a +1 animal skin (worn)
 u - a +0 pair of gloves (worn)
Jewellery
 v - an uncursed ring of resist corrosion {unknown}
Wands
 w - a wand of random effects (23)
Scrolls
 c - a scroll of magic mapping
 e - a scroll of enchant armour
 g - 2 scrolls of teleportation
 h - 4 scrolls of blinking
 k - 4 scrolls of identify
 r - 4 scrolls of remove curse {unknown}
 t - a scroll of fear {unknown}
Potions
 d - 3 potions of degeneration
 i - 3 potions of curing {unknown}
 j - 4 potions of lignification
 l - a potion of ambrosia {unknown}
 m - a potion of magic {unknown}
 o - a potion of berserk rage {unknown}
 p - 2 potions of haste
 q - 3 potions of attraction {unknown}
 s - 4 potions of flight {unknown}


   Skills:
 + Level 5.4 Fighting
 * Level 7.0 Axes
 + Level 4.8 Armour
 + Level 4.3 Dodging


You had 6 spell levels left.
You didn't know any spells.
Your spell library was empty.

Dungeon Overview and Level Annotations

Branches:
Dungeon (5/15)             Temple (0/1) D:4           Sewer (visited)

Altars:
Yredelemnul


Innate Abilities, Weirdness & Mutations

You reflexively headbutt those who attack you in melee.
You have a pair of horns on your head.


Message History

You hit the jelly. The acid corrodes you!
Your hands burn!
The jelly is severely wounded.
The jelly hits you.
You are splashed with acid!
You hit the jelly. The acid corrodes you!
Your hands burn!
You headbutt the jelly, but do no damage.
The jelly is severely wounded.
The jelly hits you. The acid corrodes you!
You are splashed with acid!
You hit the jelly.
Your hands burn!
You headbutt the jelly.
The jelly is almost dead.
The jelly hits you.
* * * LOW HITPOINT WARNING * * *
The acid corrodes you!
You are splashed with acid!
* * * LOW HITPOINT WARNING * * *
A red film seems to cover your vision as you go berserk!
You feel yourself moving faster!
You feel mighty!
The jelly jiggles.
The jelly hits you.
* * * LOW HITPOINT WARNING * * *
You are splashed with acid!
You die...

..* #....#.# *,**,.####*,,**,,
..###....#.# ####+##,.....,,,**,,
...##....#.# #.....#....(.,,,*,,,
.$.........###.....#......,,,*,,*
.............'............,,,*,,,
.b.b.......###............,,,*,,*
b...####.#.# #.......#####*,,*,,*
.........#.# #.....#>....,,,,*,,,
.)......##.# #).@J.######**,,*,,,
###..##.##.# ####### *****,,*,,,
.....##.##.# *,,,,,,*,**
.....##.*#.# ******,*,*
###.###.**.# *,*,* #.# *,**,*
***,* #.# *,**** *,* #.# *,* *,*
#.# *,* *,*


You could see a jelly.

Vanquished Creatures
  An ice beast (D:4)
  A bullfrog zombie (D:5)
  2 hounds (D:4)
  2 orc wizards (D:4)
  A bullfrog skeleton (D:4)
  A centaur skeleton (D:3)
  3 worker ants
  Robin (D:4)
  7 adders
  4 oozes
  2 dart slugs (D:2)
  5 worms
  4 leopard geckos
  10 orcs
  4 ball pythons
  13 bats
  8 giant cockroaches
  18 goblins
  12 hobgoblins
  22 jackals
  A quokka (D:2)
  8 frilled lizards
  4 kobolds
  9 rats
143 creatures vanquished.

Notes
Turn   | Place    | Note
-------+----------+-------------------------------------------
     0 | D:1      | teolandon225 the Minotaur Berserker began the quest for the
                  | Orb.
     0 | D:1      | Reached XP level 1. HP: 19/19 MP: 0/0
    88 | D:1      | Reached XP level 2. HP: 26/27 MP: 1/1
    92 | D:1      | Reached skill level 4 in Axes
   357 | D:1      | Reached XP level 3. HP: 23/33 MP: 2/2
   488 | D:1      | Reached ** piety under Trog
   522 | D:1      | Found a basalt altar of Yredelemnul.
  1438 | D:2      | Reached XP level 4. HP: 29/40 MP: 3/3
  2057 | D:3      | Reached skill level 5 in Axes
  2286 | D:3      | Reached XP level 5. HP: 11/47 MP: 4/4
  2782 | D:3      | Reached *** piety under Trog
  3321 | D:4      | Found a basalt altar of Yredelemnul.
  3322 | D:4      | Noticed an ice beast
  3336 | D:4      | Killed an ice beast
  3337 | D:4      | Reached XP level 6. HP: 42/55 MP: 5/5
  3352 | D:4      | Found a glowing drain.
  3356 | D:4      | Reached skill level 6 in Axes
  3364 | Sewer    | Entered a sewer
  3655 | Sewer    | Reached skill level 5 in Fighting
  4543 | D:4      | Reached XP level 7. HP: 61/61 MP: 6/6
  4707 | D:4      | Noticed Robin
  4710 | D:4      | Reached **** piety under Trog
  4729 | D:4      | Killed Robin
  4835 | D:4      | Found a staircase to the Ecumenical Temple.
  4949 | D:5      | Entered Level 5 of the Dungeon
  4983 | D:5      | Reached skill level 7 in Axes
  5011 | D:5      | Splashed by a jelly's acid

Illustrated notes

Levels and vault maps discovered:
D:1:      minmay_arrival_four_houses, layout_loops_ring, minmay_hexomino_r4
D:2:      layout_basic
D:3:      layout_rooms
D:4:      kennysheep_goblin_castle, layout_loops_cross,
          yredelemnul_altar_generic, minmay_temple_entry_butterflies,
          portal_sewer_entry_d, columned_hall_lemuel
D:5:      layout_basic, serial_shops, shop, enter_ossuary_1, uniq_edmund

Skill      XL: |  1  2  3  4  5  6  7 |
---------------+----------------------+-----
Axes           | 4 5 6 7 |  7.0
Fighting       | 4 5 |  5.4
Armour         | 3 4 |  4.8
Dodging        | 3 4 |  4.3

Action                   |  1- 3 |  4- 6 |  7- 9 || total
-------------------------+-------+-------+-------++-------
Melee: Hand axe          |    86 |   152 |    39 ||   277
       Headbutt          |    13 |    24 |    10 ||    47
Invok: Berserk           |     4 |     6 |     3 ||    13
       Trog's Hand       |       |       |     1 ||     1
  Use: Scroll            |       |     8 |     1 ||     9
Armor: Animal skin       |    11 |    31 |     9 ||    51
Dodge: Dodged            |    61 |   129 |    28 ||   218
